 Dungeon Crawl Stone Soup version 0.29.0-4-gdea44cf6ec (webtiles) character file.

Game seed: 9773432793772886006

60 experimilk the Trooper (level 3, -1/31 HPs)
             Began as a Palentonga Abyssal Knight on Aug 27, 2022.
             Was a Priest of Lugonu.
             Slain by an orc
             ... wielding a +0 whip
              (2 damage)
             ... on level 3 of the Dungeon.
             The game lasted 00:07:28 (2174 turns).

experimilk the Trooper (Palentonga Abyssal Knight)  Turns: 2174, Time: 00:07:28

Health: -1/31      AC:  6    Str: 20    XL:     3   Next: 82%
Magic:  4/4        EV:  7    Int: 10    God:    Lugonu [***...]
Gold:   72         SH:  4    Dex: 10    Spells: 2/2 levels left

rFire   . . .      SeeInvis +   a - +1 mace
rCold   . . .      Faith    .   k - +1 buckler
rNeg    . . .      Spirit   .   h - +0 scale mail
rPois   .          Reflect  .   (no helmet)
rElec   .          Harm     .   (no cloak)
rCorr   .          Rampage  .   (no gloves)
Will    .....                   (no barding)
Stlth   ..........              (no amulet)
HPRegen 0.10/turn               (no ring)
MPRegen 0.09/turn               (no ring)

@: mighty
A: large, rugged brown scales 3, see invisible, deformed body, roll 1, armoured
tail
a: Rolling Charge, Renounce Religion, Depart the Abyss, Bend Space, Banish


You were on level 3 of the Dungeon.
You worshipped Lugonu.
Lugonu was most pleased with you.
You visited 1 branch of the dungeon, and saw 3 of its levels.
You visited the Abyss 1 time.

You collected 72 gold pieces.

Inventory:

Hand Weapons
 a - a +1 mace (weapon)
Missiles
 g - 6 poisoned darts (quivered)
Armour
 h - a +0 scale mail (worn)
 k - a +1 buckler (worn)
Scrolls
 b - a scroll of blinking {unknown}
 e - a scroll of teleportation
 i - 2 scrolls of summoning
Potions
 c - a potion of heal wounds
 d - a potion of flight {unknown}
 f - a potion of might
 j - a potion of magic {unknown}
 m - a potion of degeneration {unknown}
Miscellaneous
 l - a piece from Xom's chessboard (15/15)


   Skills:
 + Level 3.6 Fighting
 * Level 3.6 Maces & Flails
 - Level 1.5 Armour
 - Level 0.7 Dodging
 - Level 2.0 Invocations


You had 2 spell levels left.
You didn't know any spells.
Your spell library was empty.

Dungeon Overview and Level Annotations

Branches:
Dungeon (3/15)

Altars:
Xom


Innate Abilities, Weirdness & Mutations

You are completely covered in rugged brown scales. (AC +3, +7% HP)
You have supernaturally acute eyesight. (SInv)
Armour fits poorly on your strangely shaped body.
You can roll at nearby foes to attack.
You have a long armoured tail.


Message History

You roll forward with a clatter of scales!
An orc comes into view. It is wielding a +0 whip.
Found a scroll of amnesia and 4 gold pieces.
You barely miss the adder.
The orc shouts!
The adder closely misses you.
Unknown command.
Roll where?
Press: ? - help, Dir - move target, f - orc, p - adder
Aim: an orc, wielding a +0 flail and wearing a +0 leather armour You roll forward with a clatter of scales!
You closely miss the orc. The adder bites you.
The orc hits you but does no damage. The orc hits you with a +0 club.
Unknown command.
Unknown command.
You feel very mighty all of a sudden. The adder completely misses you.
You barely miss the adder. The adder barely misses you.
The orc hits you but does no damage. The adder barely misses you.
You miss the adder.
Your tail-slap misses the adder.
The adder barely misses you. The orc hits you with a +0 club.
The adder bites you but does no damage. The orc barely misses you.
You block the orc's attack. x2
You miss the adder.
Your tail-slap misses the adder.
The adder closely misses you. The orc hits you with a +0 flail.
The orc barely misses you. The orc hits you with a +0 club.
You sock the adder!
Your tail-slap misses the adder.
The adder is almost dead.
You block the adder's attack. The orc hits you but does no damage. x2
The orc hits you with a +0 whip. The orc closely misses you.
The adder bites you.
You sock the adder!
You kill the adder!
Lugonu accepts your kill. The orc hits you with a +0 flail.
* * * LOW HITPOINT WARNING * * *
The orc hits you with a +0 war axe.
* * * LOW HITPOINT WARNING * * *
The orc hits you with a +0 whip.
You die...

#. ## ♣~♣~♣# #.# . #...#♣
♣~~~♣# #.# . .. #...#~
#♣~♣~♣###.#
...o?###...#~♣♣~♣#♣~#....
... .....#.##~~♣# ♣~'....
.... .....##'##♣~~##....
#..o #..#....#### #....
#....##oo........# ##b.#
#.....o@.........# #..#
...#..##o#.#...#### #...
.......o†...### #...
....oo######## #... ...
#... .. #.## . #.##
...####.## #.......##


You could see 5 orcs.

Vanquished Creatures
  An adder (D:3)
  3 dart slugs
  2 orcs
  5 bats
  2 endoplasms (D:2)
  3 giant cockroaches (D:2)
  4 goblins
  5 hobgoblins
  4 jackals
  2 kobolds (D:1)
  2 quokkas
  8 ball pythons
  3 frilled lizards
  4 rats
48 creatures vanquished.

Notes
Turn   | Place    | Note
-------+----------+-------------------------------------------
     0 | Abyss:1  | experimilk the Palentonga Abyssal Knight began the quest
                  | for the Orb.
     0 | Abyss:1  | Reached XP level 1. HP: 19/19 MP: 2/2
     1 | D:1      | Escaped the Abyss
   178 | D:1      | Reached XP level 2. HP: 21/25 MP: 3/3
   433 | D:1      | You fall into a shaft and drop 1 floor!
  1183 | D:2      | Reached XP level 3. HP: 31/31 MP: 4/4
  1274 | D:2      | Reached *** piety under Lugonu
  2006 | D:3      | Found a faded altar of an unknown god.
  2127 | D:3      | Found a shimmering altar of Xom.
  2174 | D:3      | HP: 1/31 [orc/+0 war axe (6)]
  2174 | D:3      | Slain by an orc

Illustrated notes

Levels and vault maps discovered:
D:1:      ebering_trefoil_3fold, layout_basic
D:2:      layout_loops_cross, kennysheep_decorative_pillar,
          palyth_stone_intersect
D:3:      layout_loops_ring, nicolae_uskayaw_murder_on_the_dancefloor,
          nicolae_dithmenos_shadow_blocks,
          chequers_temple_overflow_statue_of_worship, xom_butterflies,
          ebering_ecumenical_altar_ruins, saegor_snake_ambush, uniq_ijyb

Skill      XL: |  1  2 |
---------------+-------+-----
Maces & Flails | 3 |  3.6
Fighting       | |  3.6
Armour         | |  1.5
Dodging        | |  0.7
Invocations    | |  2.0

Action                   || total
-------------------------++-------
Melee: Mace              ||   117
       Tailslap          ||     8
       Punch             ||     1
Throw: Dart              ||     1
 Abil: Rolling Charge    ||    41
  Use: Scroll            ||     6
       Potion            ||     3
Armor: Leather armour    ||    37
       Scale mail        ||     9
Dodge: Dodged            ||    61
Block: Buckler           ||     7
